 Dungeon Crawl Stone Soup version 0.29.1-1-gd02db6906a (webtiles) character file.

Game seed: 16703695282975989842

343 mtoz the Summoner (level 6, 44/44 HPs)
             Began as a Gnoll Wanderer on Sept 21, 2022.
             Was a Believer of Wu Jian.
             Quit the game on level 4 of the Dungeon on Sept 22, 2022.
             The game lasted 00:20:53 (4230 turns).

mtoz the Summoner (Gnoll Wanderer)                  Turns: 4230, Time: 00:20:54

Health: 44/44      AC: 11    Str: 15    XL:     6   Next: 57%
Magic:  11/11      EV: 11    Int: 10    God:    Wu Jian [**....]
Gold:   129        SH:  0    Dex: 11    Spells: 11/12 levels left

rFire   . . .      SeeInvis .   w - +2 spear (vorpal)
rCold   + . .      Faith    .   (no shield)
rNeg    . . .      Spirit   .   r - +2 ring mail {rC+}
rPois   .          Reflect  .   x - +0 helmet
rElec   .          Harm     .   g - +0 cloak
rCorr   .          Rampage  .   z - +1 pair of gloves
Will    .....                   (no boots)
Stlth   +.........              (no amulet)
HPRegen 0.14/turn               (no ring)
MPRegen 0.12/turn               (no ring)

@: no status effects
A: fangs 1, strong nose, distributed training
a: Renounce Religion, Wall Jump


You were on level 4 of the Dungeon.
You worshipped Wu Jian.
Wu Jian was pleased with you.
You visited 1 branch of the dungeon, and saw 4 of its levels.

You collected 129 gold pieces.

Inventory:

Hand Weapons
 a - a +0 spear
 j - a +0 sling of flaming
 k - a +0 sling
 o - a +1 whip of electrocution
 t - a +0 sling
 u - a +2 dagger of venom
 v - a +0 mace
 w - a +2 vorpal spear (weapon)
 A - a +2 hand axe of venom
Missiles
 y - 6 stones (quivered)
Armour
 g - a +0 cloak (worn)
 h - a +2 robe of positive energy
 q - a +0 chain mail
 r - a +2 ring mail of cold resistance (worn)
 x - a +0 helmet (worn)
 z - a +1 pair of gloves (worn)
 G - a +1 robe of positive energy
Wands
 s - a wand of iceblast (8)
Scrolls
 B - a scroll of brand weapon {unknown}
 C - 2 scrolls of magic mapping {unknown}
 D - a scroll of vulnerability {unknown}
 F - a scroll of butterflies {unknown}
 H - a scroll of immolation {unknown}
Potions
 b - a potion of invisibility
 c - a potion of lignification
 d - 4 potions of cancellation
 e - a potion of brilliance {unknown}
 f - 2 potions of heal wounds
 i - 4 potions of curing {unknown}
 l - 2 potions of ambrosia {unknown}
 m - 3 potions of flight {unknown}
 n - a potion of resistance {unknown}
 p - a potion of attraction {unknown}
 E - 2 potions of haste {unknown}


   Skills:
 + Level 2.1 Fighting
 + Level 2.1 Short Blades
 + Level 2.1 Long Blades
 + Level 2.1 Axes
 + Level 2.1 Maces & Flails
 + Level 5.0 Polearms
 + Level 2.1 Staves
 + Level 2.1 Ranged Weapons
 + Level 2.1 Throwing
 + Level 2.1 Armour
 + Level 2.1 Dodging
 + Level 3.2 Stealth
 + Level 2.1 Shields
 + Level 2.1 Unarmed Combat
 + Level 3.5 Spellcasting
 + Level 1.6 Conjurations
 + Level 1.6 Hexes
 + Level 8.9 Summonings
 + Level 1.6 Necromancy
 + Level 1.6 Translocations
 + Level 1.6 Transmutations
 + Level 1.6 Fire Magic
 + Level 1.6 Ice Magic
 + Level 1.6 Air Magic
 + Level 1.6 Earth Magic
 + Level 1.6 Poison Magic
 + Level 3.5 Invocations
 + Level 2.1 Evocations


You had 11 spell levels left.
You knew the following spells:

 Your Spells              Type           Power      Damage    Failure   Level
a - Summon Small Mammal   Summ           76%        N/A       1%          1

Your spell library contained the following spells:

 Spells                   Type           Power      Damage    Failure   Level
 Call Canine Familiar     Summ           19%        N/A       3%          3
 Sting                    Tmut/Pois      20%        1d4       26%         1
 Poisonous Vapours        Pois/Air       10%        N/A       36%         2
 Sublimation of Blood     Necr           5%         N/A       36%         2
 Wereblood                Tmut           5%         N/A       36%         2
 Summon Lightning Spire   Summ/Air       12%        N/A       50%         4
 Olgreb's Toxic Radiance  Pois           5%         N/A       95%         4
 Summon Hydra             Summ           9%         N/A       100%        7


Dungeon Overview and Level Annotations

Branches:
Dungeon (4/15)
 Temple: D:4-7

Altars:
Gozag
Wu Jian


Innate Abilities, Weirdness & Mutations

You have very sharp teeth.
Your uncanny sense of smell can sniff out nearby items.
Your experience applies equally to all skills.


Message History

There is an open door here.
There is a stone staircase leading down here.
You climb downwards.
There is a stone staircase leading up here.
The gnoll shouts!
Found a stone staircase leading down.
Found a scroll labelled UQOBRI KEOMUM.
An iguana comes into view.
The iguana hisses angrily.
You see here a +1 robe of positive energy.
G - a +1 robe of positive energy You reach to attack!
You hit the iguana but do no damage.
You reach to attack!
You barely miss the iguana. You hit the iguana but do no damage.
The iguana closely misses you.
You hit the iguana.
The iguana is heavily wounded.
The iguana closely misses you.
You closely miss the iguana. Your bite misses the iguana.
The iguana is heavily wounded.
The iguana barely misses you.
You hit the iguana but do no damage. You bite the iguana, but do no damage.
The iguana is heavily wounded.
The iguana barely misses you.
You barely miss the iguana.
The iguana is heavily wounded.
The iguana bites you but does no damage.
You hit the iguana.
The iguana is severely wounded.
You hit the iguana.
You kill the iguana!
The Council accepts your kill.
No target in view!
There is a stone staircase leading down here.
H - a scroll labelled UQOBRI KEOMUM You pick up a Young Poisoner's Handbook and begin reading...
You add the spells Sting, Poisonous Vapours and Olgreb's Toxic Radiance to your library.
A hound comes into view.
Okay, then.
Okay, then.
Are you sure you want to abandon this character and quit the game? (Confirm with "yes".)

............. ........h...
........... ........ ..
...... . #... . ##.. #.##
. ...∆ . #@.# . #.. ....
##.# # .##.# ...####
#.##.# ..#.# #....# #..#.#
#.#.####....# ##...#
............######.###.#..
#.....†...................
..........#............##.
.......>..#.#..........#


You could see a hound (asleep).

Vanquished Creatures
  Sigmund (D:2)
  Jessica (D:2)
  Terence (D:2)
  An iguana (D:4)
  Robin (D:2)
  3 adders
  A worm (D:2)
  2 dart slugs
  4 ball pythons
  5 endoplasms
  15 goblins
  7 hobgoblins
  2 jackals (D:1)
  4 kobolds
  3 quokkas
  7 bats
  5 frilled lizards
  4 rats
67 creatures vanquished.

Vanquished Creatures (collateral kills)
  A ball python (D:1)
  A hobgoblin (D:1)
  A jackal (D:1)
  A kobold (D:1)
4 creatures vanquished.

Grand Total: 71 creatures vanquished

Notes
Turn   | Place    | Note
-------+----------+-------------------------------------------
     0 | D:1      | mtoz the Gnoll Wanderer began the quest for the Orb.
     0 | D:1      | mtoz set off with the following items: a +0 spear, a +0
                  | pair of gloves, a potion of lignification, a +0 leather
                  | armour; and the following spell memorised: Summon Small
                  | Mammal; and the following spells available to memorise:
                  | Call Canine Familiar, Summon Lightning Spire.
     0 | D:1      | Reached XP level 1. HP: 13/13 MP: 4/4
    72 | D:1      | Reached XP level 2. HP: 14/19 MP: 3/5
   256 | D:1      | Found a faded altar of an unknown god.
   884 | D:1      | Reached XP level 3. HP: 23/25 MP: 7/7
  1065 | D:1      | Prayed at the altar of an unknown god.
  1065 | D:1      | Became a worshipper of the Wu Jian Council
  1065 | D:1      | Reached * piety under Wu Jian
  1298 | D:2      | Reached skill level 1 in Fighting
  1298 | D:2      | Reached skill level 1 in Short Blades
  1298 | D:2      | Reached skill level 1 in Long Blades
  1298 | D:2      | Reached skill level 1 in Axes
  1298 | D:2      | Reached skill level 1 in Maces & Flails
  1298 | D:2      | Reached skill level 1 in Staves
  1298 | D:2      | Reached skill level 1 in Ranged Weapons
  1298 | D:2      | Reached skill level 1 in Throwing
  1298 | D:2      | Reached skill level 1 in Armour
  1298 | D:2      | Reached skill level 1 in Dodging
  1298 | D:2      | Reached skill level 1 in Shields
  1298 | D:2      | Reached skill level 1 in Unarmed Combat
  1298 | D:2      | Reached skill level 1 in Evocations
  1408 | D:2      | Noticed Jessica
  1646 | D:2      | Killed Jessica
  1647 | D:2      | Reached skill level 1 in Conjurations
  1647 | D:2      | Reached skill level 1 in Hexes
  1647 | D:2      | Reached skill level 1 in Necromancy
  1647 | D:2      | Reached skill level 1 in Translocations
  1647 | D:2      | Reached skill level 1 in Transmutations
  1647 | D:2      | Reached skill level 1 in Fire Magic
  1647 | D:2      | Reached skill level 1 in Ice Magic
  1647 | D:2      | Reached skill level 1 in Air Magic
  1647 | D:2      | Reached skill level 1 in Earth Magic
  1647 | D:2      | Reached skill level 1 in Poison Magic
  1647 | D:2      | Reached XP level 4. HP: 29/32 MP: 8/8
  2020 | D:2      | Noticed Terence
  2045 | D:2      | Killed Terence
  2048 | D:2      | Reached XP level 5. HP: 14/37 MP: 9/9
  2552 | D:2      | Noticed Sigmund
  2554 | D:2      | Noticed Robin
  2818 | D:2      | Killed Robin
  2912 | D:2      | Killed Sigmund
  2913 | D:2      | Reached skill level 5 in Polearms
  2913 | D:2      | Reached XP level 6. HP: 44/44 MP: 9/11
  3326 | D:3      | Reached ** piety under Wu Jian
  3673 | D:3      | Found an opulent altar of Gozag.
  4230 | D:4      | Quit the game

Illustrated notes

Levels and vault maps discovered:
D:1:      lemuel_arrival_funnel, layout_basic, ebering_ecumenical_altar_box
D:2:      layout_basic, uniq_terence, uniq_jessica, uniq_robin, uniq_sigmund
D:3:      layout_basic, general_overflow_altar, kennysheep_flooded_box,
          minivault_26, minmay_door_square
D:4:      layout_rooms, serial_shops, nicolae_shop_behind_doors,
          gammafunk_ghost_gnarly_gnolls

Skill      XL: |  1  2  3  4  5 |
---------------+----------------+-----
Fighting       | 1 2 |  2.1
Short Blades   | 1 2 |  2.1
Long Blades    | 1 2 |  2.1
Axes           | 1 2 |  2.1
Maces & Flails | 1 2 |  2.1
Staves         | 1 2 |  2.1
Ranged Weapons | 1 2 |  2.1
Throwing       | 1 2 |  2.1
Armour         | 1 2 |  2.1
Dodging        | 1 2 |  2.1
Shields        | 1 2 |  2.1
Unarmed Combat | 1 2 |  2.1
Evocations     | 1 2 |  2.1
Spellcasting   | 3 |  3.5
Conjurations   | 1 |  1.6
Hexes          | 1 |  1.6
Necromancy     | 1 |  1.6
Translocations | 1 |  1.6
Transmutations | 1 |  1.6
Fire Magic     | 1 |  1.6
Ice Magic      | 1 |  1.6
Air Magic      | 1 |  1.6
Earth Magic    | 1 |  1.6
Poison Magic   | 1 |  1.6
Invocations    | 3 |  3.5
Polearms       | 5 |  5.0
Stealth        | 3 |  3.2
Summonings     | |  8.9

Action                   |  1- 3 |  4- 6 || total
-------------------------+-------+-------++-------
Melee: Spear             |   129 |   131 ||   260
       Bite              |     7 |    11 ||    18
       Punch             |     1 |     1 ||     2
Throw: Stone             |     9 |    10 ||    19
 Cast: Summon Small Mamm |     4 |     7 ||    11
Invok: Lunge             |     1 |       ||     1
Evoke: Wand              |       |     4 ||     4
  Use: Scroll            |     1 |     2 ||     3
       Potion            |     1 |       ||     1
 Stab: Sleeping          |     1 |     3 ||     4
       Distracted        |     1 |       ||     1
Armor: Leather armour    |    47 |       ||    47
       Chain mail        |       |    40 ||    40
       Ring mail         |       |    12 ||    12
Dodge: Dodged            |    55 |    30 ||    85
